 Dungeon Crawl Stone Soup version 0.21.1-1-g345015f (webtiles) character file.

82 Melicamp the Insei (level 4, -5/33 HPs)
             Began as an Octopode Monk on Mar 27, 2018.
             Killed from afar by an orc wizard (8 damage)
             ... with a magic dart
             ... on level 2 of the Dungeon.
             The game lasted 00:12:36 (2314 turns).

Melicamp the Insei (Octopode Monk)                  Turns: 2314, Time: 00:12:36

Health: -5/33      AC:  1    Str: 10    XL:     4   Next: 43%
Magic:  4/4        EV: 14    Int: 12    God:
Gold:   78         SH:  0    Dex: 15    Spells: 3/3 levels left

rFire    . . .     SeeInvis .     - Unarmed
rCold    . . .     Gourm    .   (no shield)
rNeg     . . .     Faith    .   (helmet restricted)
rPois    .         Spirit   .   (no amulet)
rElec    .         Reflect  .   (no ring)
rCorr    .         Harm     .   (no ring)
MR       .....                  (no ring)
Stlth    +++.......             (no ring)
HPRegen  0.11/turn              (no ring)
MPRegen  0.09/turn              (no ring)
                                (no ring)
                                (no ring)

@: no status effects
A: almost no armour, stealthy swim, amphibious, 8 rings, constrict 8, camouflage
1, gelatinous body 1
a: no special abilities


You were on level 2 of the Dungeon.
You were not hungry.

You visited 1 branch of the dungeon, and saw 3 of its levels.

You collected 78 gold pieces.

Inventory:

Missiles
 f - 2 javelins
 k - 57 arrows
 l - 39 stones (quivered)
Jewellery
 c - an uncursed ring of stealth {unknown}
 j - a cursed ring of ice {unknown}
Scrolls
 b - a scroll of remove curse {unknown}
 d - a scroll of fog {unknown}
 e - a scroll of identify {unknown}
 g - a scroll of enchant weapon {unknown}
 h - a scroll of fear {unknown}
 i - a scroll of blinking {unknown}
 p - a scroll of amnesia {unknown}
Potions
 m - a potion of agility {unknown}
 n - a potion of magic {unknown}
 o - a potion of heal wounds {unknown}
Comestibles
 a - 7 rations


   Skills:
 * Level 3.8 Fighting
 + Level 0.7 Throwing
 - Level 3.0 Dodging
 - Level 2.6 Stealth
 - Level 4.3 Unarmed Combat


You had 3 spell levels left.
You didn't know any spells.

Dungeon Overview and Level Annotations

Branches:
Dungeon (3/15)

Altars:
Ashenzari
Elyvilon


Innate Abilities, Weirdness & Mutations

You cannot wear most types of armour.
You are very stealthy in the water. (Stealth+)
You are amphibious.
You can wear up to eight rings at the same time.
You can use your tentacles to constrict eight enemies at once.
Your skin changes colour to match your surroundings (Stealth+).
Your rubbery body absorbs attacks. (AC +1, EV +1)


Message History

The orc shouts!
Found a thick runed staff.
Found a stone staircase leading down.
A bat comes into view.
There is a stone staircase leading up here.
The orc wizard points at you and mumbles some strange words.
The magic dart hits you!
The rat twitches its whiskers.
The orc wizard gestures wildly while chanting.
The orc wizard blinks!
The orc priest barely misses you.
You climb upwards.
There is a stone staircase leading down here.
The orc wizard mumbles some strange words.
The orc wizard seems to speed up.
The orc wizard casts a spell at you. The puff of frost hits you!
* * * LOW HITPOINT WARNING * * *
The orc wizard barely misses you.
The orc wizard gestures at you while chanting.
The magic dart hits you!
You die...

....###.............#..≈≈♣≈≈..#
.........##............≈≈≈≈≈..#
.........##............?≈≈≈...#
.....................#.......##
...........................(##
.....................#.##.#
.......#####..o.....##....#
##..#### ##>o....####.###
##..###########@######...#
##......................#
#####.######.###.##########
#.....# #.....# ..##### #######
###


You could see an orc priest and an orc wizard.

Vanquished Creatures
  4 adders (D:2)
  A dart slug (D:1)
  5 bats
  4 giant cockroaches
  2 goblins
  7 hobgoblins
  7 jackals (D:1)
  A quokka (D:2)
  4 frilled lizards
  3 kobolds (D:1)
  4 rats
42 creatures vanquished.

Notes
Turn   | Place    | Note
-------+----------+-------------------------------------------
     0 | D:1      | Melicamp the Octopode Monk began the quest for the Orb.
     0 | D:1      | Reached XP level 1. HP: 16/16 MP: 1/1
   111 | D:1      | Reached XP level 2. HP: 20/21 MP: 2/2
   675 | D:1      | Reached XP level 3. HP: 17/26 MP: 3/3
   791 | D:1      | Found a shattered altar of Ashenzari.
  1124 | D:1      | You fall through a shaft!
  1139 | D:2      | Noticed a hungry ghost
  1161 | D:2      | Reached skill level 4 in Unarmed Combat
  1651 | D:2      | Reached XP level 4. HP: 17/32 MP: 4/4
  2049 | D:2      | Found a white marble altar of Elyvilon.
  2314 | D:2      | Killed from afar by an orc wizard

Skill      XL: |  1  2  3 |
---------------+----------+-----
Unarmed Combat | 4 |  4.3
Fighting       | |  3.8
Throwing       | |  0.7
Dodging        | |  3.0
Stealth        | |  2.6

Action                   |  1- 3 |  4- 6 || total
-------------------------+-------+-------++-------
Melee: Unarmed           |    70 |    17 ||    87
       Constrict         |    19 |     4 ||    23
       Tentacles         |     8 |     4 ||    12
       Punch             |     2 |     1 ||     3
Throw: Stone             |       |    10 ||    10
  Use: Potion            |       |     2 ||     2
 Stab: Sleeping          |    11 |       ||    11
  Eat: Chunk             |     2 |     2 ||     4
Armor: Skin              |     6 |     2 ||     8
Dodge: Dodged            |    36 |    11 ||    47
